 Dungeon Crawl Stone Soup version 0.29.0-4-gdea44cf6ec (webtiles) character file.

Game seed: 13816159234767682748

102 qw the Ruffian (level 4, 0/44 HPs)
             Began as a Troll Cinder Acolyte on Sept 1, 2022.
             Was a High Priest of Ignis.
             Slain by Duvessa
             ... wielding a +0 short sword
              (2 damage)
             ... on level 4 of the Dungeon.
             The game lasted 00:00:58 (1745 turns).

qw the Ruffian (Troll Cinder Acolyte)               Turns: 1745, Time: 00:00:59

Health: 0/44       AC: 11    Str: 24    XL:     4   Next: 50%
Magic:  4/4        EV:  7    Int: 10    God:    Ignis [*****.]
Gold:   77         SH:  6    Dex:  5    Spells: 5/5 levels left

rFire   + . .      SeeInvis .     - Unarmed
rCold   . . .      Faith    .   c - +0 kite shield
rNeg    . . .      Spirit   .   a - +0 robe
rPois   .          Reflect  .   (helmet restricted)
rElec   .          Harm     .   (no cloak)
rCorr   .          Rampage  .   (gloves unavailable)
Will    .....                   (boots unavailable)
Stlth   +.........              (no amulet)
HPRegen 0.94/turn               (no ring)
MPRegen 0.09/turn               (no ring)

@: lethally poisoned (0 -> -4), about to teleport, fiery-armoured
A: large, unfitting armour, claws 3, regeneration 1, shaggy fur 1, tough skin 1
a: Renounce Religion, Fiery Armour, Foxfire Swarm, Rising Flame


You were on level 4 of the Dungeon.
You worshipped Ignis.
Ignis was extremely pleased with you.
You visited 1 branch of the dungeon, and saw 4 of its levels.

You collected 77 gold pieces.


Innate Abilities, Weirdness & Mutations

You are too large for most types of armour.
You have claws for hands.
Your natural rate of healing is unusually fast.
You are covered in fur. (AC +1)
You have tough skin. (AC +1)


   Skills:
 - Level 2.4 Fighting
 + Level 2.8 Shields
 - Level 4.1 Unarmed Combat
 - Level 1.0 Spellcasting
 - Level 2.1 Fire Magic


You had 5 spell levels left.
You didn't know any spells.
Your spell library contained the following spells:

 Spells                   Type           Power      Damage    Failure   Level
 Scorch                   Fire           8%         2d5       45%         2

Inventory:

Missiles
 f - 2 boomerangs (quivered)
Armour
 a - a +0 robe (worn)
 c - a +0 kite shield (worn)
Scrolls
 k - a scroll of identify
Potions
 b - a potion of curing
 h - a potion of might {unknown}
 i - a potion of brilliance {unknown}
 l - a potion of haste {unknown}

Dungeon Overview and Level Annotations

Branches:
Dungeon (4/15)
 Temple: D:4-7

Altars:
Gozag

Shops:
D:3 =

Annotations:
D:4 Dowan, Duvessa, Menkaure


Message History

Menkaure casts a spell.
Menkaure seems to speed up.
1741 ||| Stepping ~*~*~tactically~*~*~ (outnumbered).
Duvessa attacks as you move away! Duvessa hits you but does no damage.
The gnoll attacks as you move away! The gnoll closely misses you.
The gnoll attacks as you move away! You block the gnoll's attack.
You feel sick.
Duvessa says, "My weaknesses are his strengths!"
Menkaure calls on the powers of darkness!
Duvessa convulses!
The gnoll convulses!
Your body is wracked with pain!
Dowan convulses!
The gnoll convulses!
1742 ||| READING scroll of teleportation.
As you read the scroll of teleportation, it crumbles to dust.
You feel strangely unstable.
You feel sick. The gnoll hits you but does no damage.
The gnoll is burned by your cloak of flames.
The gnoll is severely wounded.
The gnoll barely misses you. Dowan barely misses you.
Duvessa barely misses you.
1743 ||| Stepping ~*~*~tactically~*~*~ (outnumbered).
The gnoll attacks as you move away! The gnoll hits you with a +0 flail.
The gnoll is burned by your cloak of flames.
The gnoll is almost dead.
The gnoll attacks as you move away! The gnoll hits you but does no damage.
The gnoll is burned by your cloak of flames.
The gnoll is almost dead.
You feel sick.
1744 ||| Stepping ~*~*~tactically~*~*~ (outnumbered).
You feel sick.
You claw the gnoll!
You kill the gnoll!
You feel sick. You block the gnoll's attack.
Dowan hits you with a +1 dagger of venom.
You are lethally poisoned!
Dowan is burned by your cloak of flames.
Dowan is severely wounded.
The gnoll hits you but does no damage.
The gnoll is burned by your cloak of flames.
You kill the gnoll!
Duvessa hits you with a +0 short sword.
You die...

.... ...# ...# ## #.#.
...#.## .#...... .....
....... ... .#
......#####.# ..#
#.....M..e@#...# #.
#...$....e)....# #.#
#..............#
..#..###.............#
#.....)#...)...........
#......!............. #
#....................
...#.......(<.....##....
.......#..#......## ...


You could see Duvessa, Menkaure (fast) and Dowan.

Vanquished Creatures
  An orc wizard (D:3)
  4 gnolls (D:4)
  An adder (D:4)
  A dart slug (D:1)
  3 orcs
  2 ball pythons
  4 endoplasms
  A giant cockroach (D:1)
  5 goblins
  4 hobgoblins
  4 jackals (D:2)
  3 bats (D:1)
  5 frilled lizards
  5 kobolds
  2 rats
45 creatures vanquished.

Notes
Turn   | Place    | Note
-------+----------+-------------------------------------------
     0 | D:1      | qw the Troll Cinder Acolyte began the quest for the Orb.
     0 | D:1      | Reached XP level 1. HP: 22/22 MP: 1/1
     0 | D:1      | 0 ||| qw: Version: 0.1-a-97-g2dd2ca4
     0 | D:1      | 0 ||| qw: Game counter: 4877
     0 | D:1      | 0 ||| qw: Always use a shield: true
     0 | D:1      | 0 ||| qw: God list: Okawaru
     0 | D:1      | 0 ||| qw: Allow faded altars: false
     0 | D:1      | 0 ||| qw: Do Orc after D:15 true
     0 | D:1      | 0 ||| qw: Do second Lair branch before Depths: true
     0 | D:1      | 0 ||| qw: Lair rune preference: random
     0 | D:1      | 0 ||| qw: Plans: Normal
     0 | D:1      | 0 ||| PLANNING D:1-11
   113 | D:1      | Reached XP level 2. HP: 28/29 MP: 2/2
   143 | D:1      | 143 ||| Stepping ~*~*~tactically~*~*~ (stealth).
   146 | D:1      | 146 ||| Stepping ~*~*~tactically~*~*~ (stealth).
   273 | D:1      | Reached skill level 4 in Unarmed Combat
   439 | D:1      | 439 ||| UPGRADING to +0 kite shield.
   444 | D:1      | 444 ||| DROPPING amulet of magic regeneration.
   445 | D:1      | 445 ||| READING scroll labelled CEGOXT XUGA.
   446 | D:1      | 446 ||| READING scroll labelled WEDEBO ZIAXZA.
   447 | D:1      | 447 ||| READING scroll labelled XAQAWO YZIXU.
   448 | D:1      | 448 ||| READING 2 scrolls labelled ISACULUTAE.
   533 | D:2      | 533 ||| Stepping ~*~*~tactically~*~*~ (stealth).
   537 | D:2      | Reached XP level 3. HP: 36/36 MP: 3/3
   538 | D:2      | 538 ||| Stepping ~*~*~tactically~*~*~ (outnumbered).
   666 | D:2      | Identified the +0 leather armour "Uxomaf" {Will+}
   737 | D:2      | Found a faded altar of an unknown god.
  1026 | D:2      | 1026 ||| READING scroll labelled ADAOC NUSOL.
  1076 | D:3      | Reached skill level 1 in Shields
  1140 | D:3      | 1140 ||| Stepping ~*~*~tactically~*~*~ (stealth).
  1141 | D:3      | 1141 ||| Stepping ~*~*~tactically~*~*~ (stealth).
  1144 | D:3      | 1144 ||| Stepping ~*~*~tactically~*~*~ (stealth).
  1165 | D:3      | 1165 ||| Stepping ~*~*~tactically~*~*~ (outnumbered).
  1166 | D:3      | 1166 ||| INVOKING Fiery Armour.
  1167 | D:3      | 1167 ||| Stepping ~*~*~tactically~*~*~ (outnumbered).
  1168 | D:3      | 1168 ||| Stepping ~*~*~tactically~*~*~ (outnumbered).
  1175 | D:3      | Reached XP level 4. HP: 25/44 MP: 4/4
  1206 | D:3      | Found an opulent altar of Gozag.
  1271 | D:3      | Found Xaleh's Jewellery Shop.
  1278 | D:3      | 1278 ||| SHOPLISTING +4 ring of evasion (432 gold, have
                  | 49).
  1278 | D:3      | 1278 ||| SHOPLISTING amulet of guardian spirit (360 gold,
                  | have 49).
  1278 | D:3      | 1278 ||| SHOPLISTING ring "Maogh" {Fire Contam rElec rCorr
                  | Int+8} (669 gold, have 49).
  1278 | D:3      | 1278 ||| SHOPLISTING ring of ice (300 gold, have 49).
  1278 | D:3      | 1278 ||| SHOPLISTING ring of see invisible (180 gold, have
                  | 49).
  1661 | D:3      | 1661 ||| READING scroll labelled LIDDOW FUSHU.
  1662 | D:3      | 1662 ||| READING 4 scrolls of identify.
  1662 | D:3      | 1662 ||| IDENTIFYING fizzy inky potion
  1663 | D:3      | 1663 ||| READING 3 scrolls of identify.
  1663 | D:3      | 1663 ||| IDENTIFYING viscous cyan potion
  1664 | D:3      | 1664 ||| READING 2 scrolls of identify.
  1664 | D:3      | 1664 ||| IDENTIFYING pink potion
  1665 | D:3      | 1665 ||| DROPPING potion of degeneration.
  1666 | D:3      | 1666 ||| DROPPING potion of invisibility.
  1718 | D:4      | 1718 ||| Stepping ~*~*~tactically~*~*~ (stealth).
  1724 | D:4      | Noticed Duvessa
  1725 | D:4      | 1725 ||| Stepping ~*~*~tactically~*~*~ (stealth).
  1726 | D:4      | 1726 ||| Stepping ~*~*~tactically~*~*~ (stealth).
  1727 | D:4      | 1727 ||| INVOKING Fiery Armour.
  1731 | D:4      | 1731 ||| Stepping ~*~*~tactically~*~*~ (outnumbered).
  1731 | D:4      | Noticed Dowan
  1732 | D:4      | 1732 ||| Stepping ~*~*~tactically~*~*~ (outnumbered).
  1734 | D:4      | 1734 ||| Stepping ~*~*~tactically~*~*~ (outnumbered).
  1735 | D:4      | 1735 ||| Stepping ~*~*~tactically~*~*~ (outnumbered).
  1736 | D:4      | 1736 ||| Stepping ~*~*~tactically~*~*~ (outnumbered).
  1737 | D:4      | Noticed Menkaure
  1738 | D:4      | 1738 ||| Stepping ~*~*~tactically~*~*~ (outnumbered).
  1739 | D:4      | 1739 ||| Stepping ~*~*~tactically~*~*~ (outnumbered).
  1740 | D:4      | 1740 ||| Stepping ~*~*~tactically~*~*~ (outnumbered).
  1741 | D:4      | 1741 ||| Stepping ~*~*~tactically~*~*~ (outnumbered).
  1741 | D:4      | HP: 10/44 [??? (7)]
  1742 | D:4      | 1742 ||| READING scroll of teleportation.
  1743 | D:4      | 1743 ||| Stepping ~*~*~tactically~*~*~ (outnumbered).
  1743 | D:4      | HP: 4/44 [gnoll/+0 flail (5)]
  1744 | D:4      | 1744 ||| Stepping ~*~*~tactically~*~*~ (outnumbered).
  1745 | D:4      | Slain by Duvessa

Levels and vault maps discovered:
D:1:      saegor_arrival_simple_c, layout_rooms,
          hangedman_abyss_or_decor_lesser_grid
D:2:      layout_loops_ring, shapermc_ecumenical_altar_mp_urbaneastern
D:3:      layout_basic, grunt_gozag_statues, serial_shops, nicolae_shop_crystal
D:4:      layout_cave_pools, serial_shops, nicolae_shop_trees, uniq_menkaure,
          uniq_crazy_yiuf_cottage, uniq_edmund, uniq_blork_the_orc, uniq_robin,
          uniq_duvessa

Skill      XL: |  1  2  3 |
---------------+----------+-----
Unarmed Combat | 4 |  4.1
Shields        | 2 |  2.8
Fighting       | |  2.4
Spellcasting   | |  1.0
Fire Magic     | |  2.1

Action                   |  1- 3 |  4- 6 || total
-------------------------+-------+-------++-------
Melee: Unarmed           |    80 |    16 ||    96
       Punch             |     1 |       ||     1
Throw: Boomerang         |     8 |    13 ||    21
Invok: Fiery Armour      |     1 |     1 ||     2
  Use: Scroll            |     5 |     5 ||    10
Armor: Robe              |    26 |    15 ||    41
Dodge: Dodged            |    28 |    13 ||    41
Block: Kite shield       |    12 |     5 ||    17

Table legend:
 A = Non-vault XP
 B = Vault XP
 C = Vault XP percentage of total XP
 D = Non-vault monster count
 E = Vault monster count
 F = Vault count percentage of total count
                 A         B        C        D         E       F
            +---------+---------+-------+---------+---------+-------
      Total |     167 |       0 |   0.0 |      45 |       0 |   0.0
            +---------+---------+-------+---------+---------+-------
        D:1 |      35 |       0 |   0.0 |      19 |       0 |   0.0
        D:2 |      16 |       0 |   0.0 |       9 |       0 |   0.0
        D:3 |      50 |       0 |   0.0 |      10 |       0 |   0.0
        D:4 |      66 |       0 |   0.0 |       7 |       0 |   0.0
            +---------+---------+-------+---------+---------+-------
